 Dungeon Crawl Stone Soup version 0.31.0-12-g77e489cdc1 (webtiles) character file.

Game seed: 7408293948763900074

13948 Curundu the Cleaver (level 11, 0/151 HPs)
             Began as a Minotaur Berserker on Feb 20, 2024.
             Was an Elder of Trog.
             Incinerated by a sun moth (4 damage)
             ... with a flurry of pyrophoric scales
             ... on level 10 of the Dungeon.
             The game lasted 00:30:17 (10062 turns).

Curundu the Cleaver (Minotaur Berserker)           Turns: 10062, Time: 00:30:18

Health: 0/151      AC: 23    Str: 26    XL:     11   Next: 82%
Magic:  10/10      EV:  9    Int:  4    God:    Trog [****..]
Gold:   564        SH:  6    Dex: 10    Spells: 10/10 levels left

rFire   . . .        E - +0 broad axe
rCold   . . .        p - +0 buckler
rNeg    + . .        a - +0 plate armour
rPois   .            (helmet restricted)
rElec   .            m - +2 cloak
rCorr   .            I - +0 pair of gloves
SInv    .            (no boots)
Will    +++++        A - amulet of the Four Winds {rN+ Will+++ Clar} Stlth
                     q - +4 ring of protection
HPRegen 1.45/turn    r - ring of flight
MPRegen 0.12/turn

%: clarity
@: berserking (expiring), on fire, strong-willed, flying, regenerating, glowing,
very quick
A: horns 2, retaliatory headbutt
a: Renounce Religion, Berserk, Trog's Hand, Brothers in Arms


You were on level 10 of the Dungeon.
You worshipped Trog.
Trog was greatly pleased with you.
You visited 2 branches of the dungeon, and saw 11 of its levels.

You collected 564 gold pieces.

Inventory:

Hand Weapons
 e - a +1 halberd of flaming
 E - a +0 broad axe (weapon)
Missiles
 c - 15 boomerangs (quivered)
 s - 3 javelins
 y - 2 throwing nets
Armour
 a - a +0 plate armour (worn)
 m - a +2 cloak (worn)
 p - a +0 buckler (worn)
 I - a +0 pair of gloves (worn)
Jewellery
 o - a ring of see invisible
 q - a +4 ring of protection (left hand)
 r - a ring of flight (right hand)
 A - the amulet of the Four Winds (around neck) {rN+ Will+++ Clar}
   (You found it on level 7 of the Dungeon)

   [amulet of nothing]

   rN+:       It protects you from negative energy.
   Will+++:   It greatly increases your willpower.
   Clar:      It protects you from confusion, rage, mesmerisation and fear.
 D - a ring of positive energy
Wands
 k - a wand of mindburst (15)
 u - a wand of polymorph (6)
 w - a wand of roots (13)
 z - a wand of charming (4)
 C - a wand of flame (19)
Scrolls
 f - 4 scrolls of teleportation
 i - a scroll of fear
 v - a scroll of silence
 F - a scroll of revelation
 G - a scroll of poison
 H - a scroll of amnesia {unknown}
Potions
 b - 2 potions of mutation {unknown}
 d - 3 potions of resistance
 g - a potion of invisibility {unknown}
 h - 6 potions of curing
 j - 2 potions of heal wounds
 l - a potion of cancellation {unknown}
 n - 6 potions of lignification
 t - 2 potions of ambrosia {unknown}
 x - a potion of might {unknown}
 B - 2 potions of magic {unknown}


   Skills:
 + Level 10.7 Fighting
 + Level 14.6 Axes
 + Level 9.9 Armour
 + Level 5.2 Dodging
 - Level 0.3 Stealth
 * Level 10.2 Shields


You had 10 spell levels left.
You didn't know any spells.
Your spell library was empty.

Dungeon Overview and Level Annotations

Branches:
Dungeon (10/15)            Temple (1/1) D:6            Lair (0/5) D:10
    Orc (0/2) D:10

Altars:
Ashenzari
Cheibriados
Dithmenos
Elyvilon
Fedhas
Gozag
Hepliaklqana
Kikubaaqudgha
Makhleb
Nemelex Xobeh
Okawaru
Qazlal
Ru
Sif Muna
Trog
Uskayaw
Vehumet
Wu Jian
Xom
Yredelemnul
Zin
The Shining One


Innate Abilities, Weirdness & Mutations

You have a pair of horns on your head.
You reflexively headbutt those who attack you in melee.


Message History

The sun moth's wings beat fiercely.
The flurry of pyrophoric scales hits you.
You are covered in intense liquid fire!
The sun moth barely misses you.
A red film seems to cover your vision as you go berserk!
You feel yourself moving faster!
You feel mighty! The liquid fire burns you!
* * * LOW HITPOINT WARNING * * *
The sun moth bites you!
* * * LOW HITPOINT WARNING * * *
You barely miss the sun moth.
The sun moth is lightly wounded.
The liquid fire burns you!
* * * LOW HITPOINT WARNING * * *
The sun moth bites you but does no damage.
You slice the sun moth!! Your headbutt misses the sun moth.
The sun moth is severely wounded.
The liquid fire burns you!
* * * LOW HITPOINT WARNING * * *
You hit the sun moth but do no damage. You headbutt the sun moth.
The sun moth is almost dead.
The liquid fire burns you!
* * * LOW HITPOINT WARNING * * *
The sun moth bites you but does no damage.
You closely miss the sun moth. You headbutt the sun moth!
You kill the sun moth!
Trog accepts your kill.
The sun moth's shape twists and changes as it dies.
The liquid fire burns you!
* * * LOW HITPOINT WARNING * * *
The liquid fire burns you!
* * * LOW HITPOINT WARNING * * *
You feel a strong urge to attack something.
The liquid fire burns you!
* * * LOW HITPOINT WARNING * * *
The liquid fire burns you!
* * * LOW HITPOINT WARNING * * *
You feel your anger nearly subside. The liquid fire burns you!
You die...

...≈♣.♣.$.^.♣
.≈♣≈.......#♣ .
♣≈...[.$...#♣≈.
♣#...........≈♣
....≈≈≈≈≈....≈ ♣..#.≈..♣
#♣..)).♣# ###### P
♣♣♣.†)♣)))♣♣♣♣P♣♣P♣♣♣
..≈♣≈..@♣#♣.))≈♣≈....#♣.
...≈....♣ ♣....≈....#♣#.
......≈.♣ ♣.#......≈♣#..
#.......♣ ♣.......≈♣≈...
...#....♣ ♣....#...≈..≈.
......♣♣♣ ♣♣♣...........
.≈≈.≈≈ ≈≈≈≈.≈≈.≈≈≈..
♣♣♣♣♣♣ §♣♣♣♣♣♣♣♣♣♣♣.♣
#.♣ ♣♣##..≈


There were no monsters in sight!

Vanquished Creatures
  5 two-headed ogres
  A sun moth (shapeshifter) (D:10)
  Pikel (D:9)
  2 ugly things (D:10)
  Joseph (D:9)
  A komodo dragon (D:10)
  Maggie (D:10)
  Psyche (D:9)
  4 kobold demonologists (D:9)
  A troll (D:10)
  2 hornets
  Sigmund (D:6)
  A wyvern (D:7)
  4 yaks (D:9)
  A steam dragon (D:9)
  5 vampire mosquitoes (D:10)
  An acid dragon (D:8)
  A water moccasin (D:6)
  4 orc warriors
  A sky beast (shapeshifter) (D:10)
  2 black bears
  3 ogres
  4 centaurs
  3 lemures (D:9)
  4 kobold brigands
  4 bullfrogs
  3 gnoll sergeants
  5 scorpions
  14 wights
  A burial acolyte (D:5)
  12 killer bees
  5 howler monkeys
  A bombardier beetle (D:4)
  A lava snake (D:7)
  3 gnoll boudas
  6 orc priests
  2 jellies
  2 hounds (D:7)
  3 iguanas (D:4)
  Crazy Yiuf (D:3)
  6 orc wizards
  21 gnolls
  6 adders
  A shadow imp (D:6)
  2 white imps (D:7)
  3 dart slugs
  A ribbon worm (D:5)
  24 orcs
  4 ball pythons
  3 bats
  9 endoplasms
  3 giant cockroaches
  8 goblins
  5 hobgoblins
  9 jackals
  19 kobolds
  2 quokkas (D:2)
  3 frilled lizards
  2 jackal zombies (D:5)
  2 rats
251 creatures vanquished.

Vanquished Creatures (others)
  2 orcs (D:4)
2 creatures vanquished.

Grand Total: 253 creatures vanquished

Notes
Turn   | Place    | Note
-------+----------+-------------------------------------------
     0 | D:1      | Curundu the Minotaur Berserker began the quest for the Orb.
     0 | D:1      | Reached XP level 1. HP: 19/19 MP: 0/0
     6 | D:1      | Noticed a hog
     6 | D:1      | Noticed a swamp drake
     6 | D:1      | Noticed a snapping turtle
     7 | D:1      | Noticed a black mamba
     7 | D:1      | Noticed a brain worm
   204 | D:1      | Reached XP level 2. HP: 27/27 MP: 1/1
   232 | D:1      | Reached skill level 4 in Axes
   739 | D:2      | Reached XP level 3. HP: 33/33 MP: 2/2
   750 | D:2      | Found a faded altar of an unknown god.
   777 | D:2      | Reached ** piety under Trog
  1367 | D:3      | Found a bloodstained altar of Trog.
  1569 | D:3      | Found a runed translucent door.
  1570 | D:3      | Noticed Crazy Yiuf
  1582 | D:3      | Killed Crazy Yiuf
  1583 | D:3      | Reached skill level 5 in Axes
  1583 | D:3      | Reached XP level 4. HP: 25/41 MP: 3/3
  1816 | D:3      | Found a broken altar of Ashenzari.
  1864 | D:3      | Reached skill level 5 in Fighting
  1865 | D:3      | Reached XP level 5. HP: 12/48 MP: 4/4
  2453 | D:4      | Reached skill level 6 in Axes
  2455 | D:4      | Reached XP level 6. HP: 28/56 MP: 5/5
  3043 | D:4      | Reached skill level 7 in Axes
  3245 | D:5      | Entered Level 5 of the Dungeon
  3358 | D:5      | Reached XP level 7. HP: 63/63 MP: 6/6
  3440 | D:5      | Reached skill level 1 in Shields
  4191 | D:5      | Found an ancient bone altar of Kikubaaqudgha.
  4636 | D:6      | Reached skill level 8 in Axes
  4792 | D:6      | Noticed Sigmund
  4800 | D:6      | Killed Sigmund
  4801 | D:6      | Reached XP level 8. HP: 55/71 MP: 7/7
  5024 | D:6      | Found a staircase to the Ecumenical Temple.
  5033 | Temple   | Entered the Ecumenical Temple
  5069 | D:6      | Reached skill level 5 in Armour
  5137 | D:6      | Found a basalt altar of Yredelemnul.
  5142 | D:6      | Found a sparkling altar of Nemelex Xobeh.
  5142 | D:6      | Found a snail-covered altar of Cheibriados.
  5842 | D:7      | Found a hide-covered altar of Uskayaw.
  5902 | D:7      | Found a blossoming altar of Fedhas.
  5985 | D:7      | Reached skill level 9 in Axes
  6242 | D:7      | Reached *** piety under Trog
  6375 | D:7      | Reached XP level 9. HP: 64/79 MP: 8/8
  6544 | D:7      | Reached skill level 5 in Shields
  6627 | D:7      | Paralysed by a hornet for 1 turns
  6633 | D:7      | Reached skill level 10 in Axes
  6682 | D:7      | Found the amulet of the Four Winds {rN+ Will+++ Clar}
  7042 | D:8      | Reached skill level 5 in Dodging
  7251 | D:8      | Reached skill level 11 in Axes
  7617 | D:8      | Noticed a two-headed ogre
  7626 | D:8      | Killed a two-headed ogre
  7627 | D:8      | Reached XP level 10. HP: 48/90 MP: 9/9
  8041 | D:8      | Found a hazy altar of Hepliaklqana.
  8271 | D:9      | You are sucked into a shaft and drop 1 floor!
  8271 | D:10     | Entered Level 10 of the Dungeon
  8271 | D:10     | Found a staircase to the Orcish Mines.
  8295 | D:9      | Noticed Psyche
  8303 | D:9      | Killed Psyche
  8570 | D:9      | Found a shadowy altar of Dithmenos.
  8643 | D:9      | Reached skill level 12 in Axes
  8766 | D:9      | Reached **** piety under Trog
  8870 | D:9      | Noticed Pikel
  8893 | D:9      | Killed Pikel
  9037 | D:9      | Noticed a soul eater
  9045 | D:9      | Noticed a soul eater
  9047 | D:9      | Noticed a smoke demon
  9060 | D:9      | Reached XP level 11. HP: 84/99 MP: 10/10
  9282 | D:9      | Noticed Joseph
  9292 | D:9      | Killed Joseph
  9293 | D:9      | Reached skill level 13 in Axes
  9488 | D:10     | Found a white marble altar of Elyvilon.
  9567 | D:10     | Noticed Maggie
  9580 | D:10     | Killed Maggie
  9659 | D:10     | Found a staircase to the Lair.
  9930 | D:10     | Noticed a cyan ugly thing
  9931 | D:10     | Noticed a purple ugly thing
  9935 | D:10     | Reached skill level 10 in Fighting
  9936 | D:10     | Noticed a two-headed ogre
  9937 | D:10     | Noticed a two-headed ogre
  9944 | D:10     | Killed a cyan ugly thing
  9949 | D:10     | Killed a two-headed ogre
  9951 | D:10     | Killed a two-headed ogre
  9951 | D:10     | Noticed a two-headed ogre
  9953 | D:10     | Killed a purple ugly thing
  9954 | D:10     | Reached skill level 14 in Axes
  9960 | D:10     | Killed a two-headed ogre
  9961 | D:10     | Reached skill level 10 in Shields
  9961 | D:10     | Noticed a two-headed ogre
  9971 | D:10     | Killed a two-headed ogre
 10041 | D:10     | Noticed a sun moth
 10058 | D:10     | Killed a sun moth
 10061 | D:10     | HP: 3/151 [burnt (6)]
 10062 | D:10     | Incinerated by a sun moth

Illustrated notes

Levels and vault maps discovered:
D:1:      onia_arrival_zoo_common, layout_loops_cross
D:2:      layout_basic, shapermc_ecumenical_altar_acropolis
D:3:      layout_rooms, evilmike_ruin_ashenzari, bloody_trog,
          uniq_crazy_yiuf_cottage
D:4:      layout_loops_ring, serial_bayou_pond_e, kennysheep_generic_room_7
D:5:      layout_layer_cave, lemuel_zombie_altar_kikubaaqudgha, serial_rivers,
          chequers_serial_rivers_small_3, chequers_serial_rivers_small_a,
          chequers_serial_rivers_micro_a, chequers_serial_rivers_micro_d,
          chequers_serial_rivers_small_b
D:6:      layout_basic, chequers_temple_overflow_statue_of_worship,
          minmay_temple_entry_drinking_statues, uniq_sigmund
D:7:      layout_loops_corners, mainiacjoe_overflow_catch_the_wave
D:8:      layout_loops_ring, worldfamousw_hep_ancestral_shrine
D:9:      layout_roguey, nicolae_dithmenos_shadow_blocks, uniq_psyche,
          uniq_joseph, uniq_pikel
D:10:     regret_index_malice_mire, layout_rooms, lemuel_crystal_altar,
          david_lair_shrubbed, orc_0_dummy, uniq_maggie
Temple:   jpeg_temple_clearing

Skill      XL: |  1  2  3  4  5  6  7  8  9 10 11 |
---------------+----------------------------------+-----
Axes           | 4 5 6 7 8 9 11 12 14 | 14.6
Fighting       | 4 5 6 7 8 9 10 | 10.7
Dodging        | 3 4 5 |  5.2
Armour         | 3 4 6 7 8 9 |  9.9
Shields        | 2 4 6 9 10 | 10.2
Stealth        | |  0.3

Action                     |  1- 3 |  4- 6 |  7- 9 | 10-12 || total
---------------------------+-------+-------+-------+-------++-------
  Melee: Hand axe          |    59 |   100 |   265 |       ||   424
         Headbutt          |     8 |    15 |    54 |    46 ||   123
         Punch             |     1 |     3 |       |       ||     4
         Broad axe         |       |       |    37 |   259 ||   296
  Throw: Boomerang         |       |       |       |     1 ||     1
 Invoke: Trog's Hand       |     1 |     3 |     5 |     8 ||    17
         Berserk           |     1 |     1 |       |     4 ||     6
  Evoke: Wand              |       |     1 |       |       ||     1
    Use: Scroll            |       |     4 |     8 |     1 ||    13
 Armour: Animal skin       |    32 |    20 |       |       ||    52
         Chain mail        |       |    67 |   244 |       ||   311
         Plate armour      |       |       |     6 |   348 ||   354
  Dodge: Dodged            |    42 |    52 |   152 |   158 ||   404
  Block: Buckler           |       |       |    31 |   111 ||   142
